 Dungeon Crawl Stone Soup version 0.27.0-1-g7a089689b8 (webtiles) character file.

Game seed: 12058994945677256879

48 sanka the Ducker (level 3, 0/28 HPs)
             Began as a Merfolk Necromancer on Aug 7, 2021.
             Succumbed to an adder's poison
             ... on level 2 of the Dungeon.
             The game lasted 00:02:39 (1818 turns).

sanka the Ducker (Merfolk Necromancer)              Turns: 1818, Time: 00:02:39

Health: 0/28       AC:  2    Str:  8    XL:     3   Next: 72%
Magic:  6/6        EV: 13    Int: 14    God:
Gold:   57         SH:  0    Dex: 15    Spells: 5/6 levels left

rFire    . . .     SeeInvis .   l - +0 rapier
rCold    . . .     Faith    .   (no shield)
rNeg     . . .     Spirit   +   a - +0 robe
rPois    .         Reflect  .   (no helmet)
rElec    .         Harm     .   (no cloak)
rCorr    .         Rampage  .   (no gloves)
Will     .....                  (no boots)
Stlth    ++........             g - amulet of guardian spirit
HPRegen  0.09/turn              (no ring)
MPRegen  0.10/turn              (no ring)

@: lethally poisoned (0 -> -2), very slightly contaminated, invisible
A: (nimble swimmer 2), mertail
a: no special abilities


You were on level 2 of the Dungeon.
You visited 1 branch of the dungeon, and saw 2 of its levels.

You collected 57 gold pieces.


Innate Abilities, Weirdness & Mutations

((You are quick and stealthy near water. (Stealth+, EV+, Speed+++)))
Your lower body shifts to a powerful aquatic tail in water.


   Skills:
 + Level 2.3 Fighting
 + Level 4.2 Dodging
 - Level 2.1 Stealth
 - Level 2.0 Spellcasting
 - Level 3.2 Necromancy


You had 5 spell levels left.
You knew the following spells:

 Your Spells              Type           Power      Damage    Failure   Level
z - Pain                  Necr           40%        1d6       6%          1

Your spell library contained the following spells:

 Spells                   Type           Power      Damage    Failure   Level
 Animate Skeleton         Necr           20%        N/A       6%          1
 Vampiric Draining        Necr           5%         2d6       19%         3
 Animate Dead             Necr           5%         N/A       52%         4
 Agony                    Necr           10%        N/A       86%         5

Inventory:

Hand Weapons
 d - a +0 dagger
 h - a +0 spear
 l - a +0 rapier (weapon)
Missiles
 k - 15 poisoned darts
Armour
 a - a +0 robe (worn)
Jewellery
 g - an amulet of guardian spirit (around neck)
Scrolls
 b - 5 scrolls of identify {unknown}
 c - a scroll of noise {unknown}
 f - a scroll of magic mapping {unknown}
 i - a scroll of teleportation {unknown}

Dungeon Overview and Level Annotations

Branches:
Dungeon (2/15)

Altars:

▒▒▒......▒▒▒ ▒.
.......<.▒ ▒ ▒.
▒▒▒......▒▒▒ ▒!
▒▒▒....... ▒.
▒...▒... ▒. ▒
▒▒▒▒▒...
▒<▒▒▒.▒▒▒▒▒▒▒▒▒▒.▒.
▒▒.^...........▒▒.▒.
▒..m▒▒.▒▒▒▒▒▒▒.▒▒.▒.
▒.▒.▒ ▒ ▒...†.. ..
... ▒▒▒▒.▒▒ ▒▒ ..!▒▒
▒.▒▒ ▒..▒▒ ▒... ▒..
▒▒▒▒ ▒.K ▒..


You could see a kobold (wandering).


Message History

The adder poisons you!
You closely miss the adder.
The adder is heavily wounded.
You feel sick. The adder bites you.
* * * LOW HITPOINT WARNING * * *
The adder bites you.
* * * LOW HITPOINT WARNING * * *
Unknown command.
You miss the adder.
The adder is heavily wounded.
* * * LOW HITPOINT WARNING * * *
You feel sick. The adder misses you.
Unknown command.
You puncture the adder!
You kill the adder!
* * * LOW HITPOINT WARNING * * *
You feel sick.
A kobold comes into view. It is wielding a +0 whip.
Unknown command.
Unknown command.
It was a potion of invisibility.
You fade into invisibility!
* * * LOW HITPOINT WARNING * * *
You feel sick.
You are very lightly contaminated with residual magic.
It was a potion of magic.
Magic courses through your body.
You die...

Action                   || total
-------------------------++-------
Melee: Dagger            ||    12
       Spear             ||     6
       Rapier            ||     6
 Cast: Pain              ||    63
  Use: Potion            ||     2
 Stab: Sleeping          ||     1
Armor: Robe              ||    11
Dodge: Dodged            ||    25

Levels and vault maps discovered:
D:1:      lemuel_arrival_funnel, layout_basic, minmay_misc_feat_secret_circle,
          minmay_tromino_v2
D:2:      layout_loops_ring, eino_curves_03

Notes
Turn   | Place    | Note
-------+----------+-------------------------------------------
     0 | D:1      | sanka the Merfolk Necromancer began the quest for the Orb.
     0 | D:1      | Reached XP level 1. HP: 13/13 MP: 3/3
   207 | D:1      | Reached skill level 3 in Dodging
   318 | D:1      | Reached skill level 1 in Fighting
   459 | D:2      | Reached XP level 2. HP: 20/21 MP: 3/5
  1114 | D:1      | Reached XP level 3. HP: 21/27 MP: 1/6
  1309 | D:1      | Reached skill level 2 in Fighting
  1518 | D:1      | Reached skill level 4 in Dodging
  1816 | D:2      | HP: 2/27 [poisoned by an adder]
  1818 | D:2      | Succumbed to an adder's poison

Vanquished Creatures
  An adder (D:2)
  5 bats (D:1)
  An endoplasm (D:1)
  2 giant cockroaches
  2 goblins (D:2)
  3 hobgoblins
  5 jackals (D:1)
  5 kobolds
  A quokka (D:2)
  2 ball pythons (D:1)
  5 frilled lizards
  2 rats
34 creatures vanquished.
